 Dungeon Crawl Stone Soup version 0.30-a0-1124-g6e8f0f562f (webtiles) character file.

Game seed: 6159124512103966185

1565 bande the Chopper (level 8, -5/50 HPs)
             Began as a Gargoyle Fighter on Apr 24, 2023.
             Killed from afar by Dowan (19 damage)
             ... with a stone arrow
             ... on level 6 of the Dungeon.
             The game lasted 00:10:32 (5495 turns).

bande the Chopper (Gargoyle Fighter)                Turns: 5495, Time: 00:10:33

Health: -5/50      AC: 26    Str: 25    XL:     8   Next: 89%
Magic:  8/8        EV:  7    Int: 10    God:
Gold:   1349       SH:  5    Dex: 11    Spells: 7/7 levels left

rFire   . . .        a - +0 war axe (venom)
rCold   . . .        m - +0 buckler {AC+3}
rNeg    + . .        l - +0 plate armour
rPois   ∞            s - +2 hat
rElec   +            (no cloak)
rCorr   .            (no gloves)
SInv    .            p - +2 pair of boots
Will    +....        t - amulet of faith Stlth
                     f - +6 ring of strength
HPRegen 0.28/turn    r - ring of willpower
MPRegen 0.11/turn

%: faith
@: no status effects
A: sickness immunity, AC +5, negative energy resistance 1, electricity
resistance, torment resistance 1, petrification resistance
a: no special abilities


You were on level 6 of the Dungeon.
You visited 1 branch of the dungeon, and saw 6 of its levels.

You collected 1360 gold pieces.
You spent 11 gold pieces at shops.

Inventory:

Hand Weapons
 a - a +0 war axe of venom (weapon)
 q - a +2 flail of protection
Missiles
 i - 2 throwing nets (quivered)
Armour
 l - a +0 plate armour (worn)
 m - a +0 buckler of protection (worn)
 p - a +2 pair of boots (worn)
 s - a +2 hat (worn)
Jewellery
 f - a +6 ring of strength (left hand)
 r - a ring of willpower (right hand)
 t - an amulet of faith (around neck)
Scrolls
 e - 3 scrolls of identify
 g - a scroll of poison
 j - 3 scrolls of teleportation
Potions
 d - a potion of might
 h - 2 potions of berserk rage
 k - 2 potions of mutation
 n - a potion of flight
 o - a potion of curing


   Skills:
 + Level 5.5 Fighting
 + Level 7.4 Axes
 + Level 6.5 Armour
 + Level 4.9 Shields


You had 7 spell levels left.
You didn't know any spells.
Your spell library contained the following spells:

 Spells                   Type           Power      Damage    Failure   Level
 Blink                    Tloc           0%         N/A       100%        2
 Lesser Beckoning         Tloc           0%         N/A       100%        2
 Gell's Gravitas          Tloc           0%         N/A       100%        3
 Teleport Other           Tloc           0%         N/A       100%        3
 Manifold Assault         Tloc           0%         N/A       100%        4
 Storm Form               Tmut/Air       0%         N/A       100%        7


Dungeon Overview and Level Annotations

Branches:
Dungeon (6/15)
 Temple: D:4-7

Altars:
Yredelemnul

Shops:
D:1 !

Annotations:
D:6 1 runed translucent door, Crazy Yiuf, Dowan


Innate Abilities, Weirdness & Mutations

You are immune to sickness and miasma.
Your stone body is resilient. (AC +5)
You are immune to poison.
You resist negative energy. (rN+)
You are resistant to electric shocks. (rElec)
You are resistant to unholy torment.
You are immune to petrification.


Message History

Dowan seems to find hidden reserves of power!
Dowan gestures wildly while chanting.
Dowan blinks!
Things that are here:
a +0 short sword; a +0 chain mail; the elf corpse of Duvessa Dowan hits you with a +1 dagger of speed.
You closely miss Dowan.
Dowan is lightly wounded.
Dowan hits you but does no damage.
Dowan hits you with a +1 dagger of speed.
You miss Dowan.
Dowan is lightly wounded.
You block Dowan's attack. x2
An iguana comes into view.
Dowan hits you with a +1 dagger of speed.
The iguana hisses angrily.
You hit Dowan.
Dowan is poisoned.
Dowan is lightly wounded.
Dowan points at you and mumbles some strange words.
The shard of ice hits you!
* * * LOW HITPOINT WARNING * * *
Dowan hits you but does no damage.
You feel much better.
Dowan hits you with a +1 dagger of speed.
* * * LOW HITPOINT WARNING * * *
Dowan mumbles some strange words.
Dowan blinks!
Unknown command.
Things that are here:
a +0 short sword; a +0 chain mail; the elf corpse of Duvessa Dowan gestures at you while chanting.
The stone arrow misses you.
The iguana bites you but does no damage.
Dowan points at you and mumbles some strange words.
The stone arrow misses you.
The stone arrow hits the iguana!
You hit the iguana but do no damage.
The iguana is poisoned.
The iguana is severely wounded.
Dowan points at you and mumbles some strange words.
The stone arrow hits you!!
You die...

........####....####.#
##.........####.####.##
............#........
..............####.# ..
..........# .
.........## #.
#........## ####.....l#
#......#@###
..##.###..)# .# #.
###.# #. #e# #.. ##..
#.. #|# ..


You could see Dowan (fast, poisoned) and an iguana (very poisoned).

Vanquished Creatures
  Grinder (D:2)
  Duvessa (D:6)
  A black bear (D:6)
  An ogre (D:5)
  2 phantoms (D:6)
  3 scorpions
  6 hounds
  A jelly (D:4)
  A sleepcap (D:4)
  3 orc priests
  A gnoll bouda (D:3)
  4 iguanas
  2 orc wizards (D:6)
  7 gnolls
  7 adders
  A shadow imp (D:6)
  2 white imps
  2 worms (D:2)
  2 dart slugs (D:1)
  12 orcs
  7 ball pythons
  8 endoplasms
  4 giant cockroaches
  11 hobgoblins
  4 jackals (D:1)
  5 kobolds
  6 quokkas
  12 bats
  6 frilled lizards
  8 goblins
  7 rats
138 creatures vanquished.

Notes
Turn   | Place    | Note
-------+----------+-------------------------------------------
     0 | D:1      | bande the Gargoyle Fighter began the quest for the Orb.
     0 | D:1      | Reached XP level 1. HP: 14/14 MP: 1/1
   139 | D:1      | Reached skill level 2 in Axes
   139 | D:1      | Reached XP level 2. HP: 12/19 MP: 2/2
   644 | D:1      | Found a faded altar of an unknown god.
   648 | D:1      | Found Zuigiur's Distillery.
   657 | D:1      | Bought a potion of degeneration for 11 gold pieces
   726 | D:1      | Reached XP level 3. HP: 18/23 MP: 3/3
  1236 | D:2      | Reached XP level 4. HP: 28/28 MP: 4/4
  1684 | D:2      | Reached skill level 3 in Axes
  1996 | D:3      | Noticed Grinder
  2005 | D:2      | Paralysed by Grinder for 5 turns
  2019 | D:2      | Killed Grinder
  2020 | D:2      | Reached skill level 4 in Axes
  2020 | D:2      | Reached XP level 5. HP: 25/33 MP: 5/5
  2020 | D:2      | Reached XP level 6. HP: 28/38 MP: 6/6
  2630 | D:4      | Reached skill level 5 in Axes
  2691 | D:4      | Reached XP level 7. HP: 35/44 MP: 7/7
  3260 | D:4      | Reached skill level 5 in Armour
  3957 | D:5      | Entered Level 5 of the Dungeon
  4347 | D:5      | Reached skill level 6 in Axes
  4347 | D:5      | Reached XP level 8. HP: 48/48 MP: 8/8
  4752 | D:6      | Reached skill level 5 in Fighting
  5124 | D:6      | Identified a scroll of acquirement
  5124 | D:6      | Acquired 937 gold pieces
  5205 | D:6      | Found a basalt altar of Yredelemnul.
  5281 | D:6      | Found a runed translucent door.
  5282 | D:6      | Noticed Crazy Yiuf
  5445 | D:6      | Reached skill level 7 in Axes
  5464 | D:6      | Noticed Dowan
  5466 | D:6      | Noticed Duvessa
  5484 | D:6      | Killed Duvessa
  5489 | D:6      | HP: 1/50 [Dowan/shard of ice (17)]
  5495 | D:6      | Killed from afar by Dowan

Illustrated notes

Levels and vault maps discovered:
D:1:      minmay_arrival_four_loops, layout_basic, basic_ecumenical_altar,
          serial_shops, shop
D:2:      layout_basic, chequers_jeans, nicolae_wormholes
D:3:      layout_rooms, uniq_grinder
D:4:      layout_loops_cross
D:5:      layout_basic, kennysheep_generic_room_4
D:6:      layout_rooms, amcnicky_altar_gilded, uniq_crazy_yiuf_cottage,
          uniq_duvessa

Skill      XL: |  1  2  3  4  5  6  7  8 |
---------------+-------------------------+-----
Axes           | 2 4 5 6 7 |  7.4
Armour         | 4 5 6 |  6.5
Fighting       | 4 5 |  5.5
Shields        | 4 |  4.9

Action                     |  1- 3 |  4- 6 |  7- 9 || total
---------------------------+-------+-------+-------++-------
  Melee: War axe           |   123 |   131 |   159 ||   413
    Use: Scroll            |       |    11 |     6 ||    17
         Potion            |       |       |     1 ||     1
 Armour: Scale mail        |    83 |    70 |    35 ||   188
         Plate armour      |       |       |    97 ||    97
         Chain mail        |       |       |    12 ||    12
  Dodge: Dodged            |    72 |    62 |    73 ||   207
  Block: Buckler           |    29 |    30 |    45 ||   104

Table legend: (Time is in decaauts)
 A = Elapsed time spent in this place.
 B = Non-inter-level travel time spent in this place.
 C = Inter-level travel time spent in this place.
 D = Time resting spent in this place.
 E = Time spent auto-exploring this place.
 F = Levels seen in this place.
 G = Mean time per level.
                   A        B        C        D        E       F      G
               +--------+--------+--------+--------+--------+-----+--------+
         Total |   5634 |   5451 |    183 |   1258 |   2983 |   6 |  939.0 |
       Dungeon |   5634 |   5451 |    183 |   1258 |   2983 |   6 |  939.0 |
               +--------+--------+--------+--------+--------+-----+--------+

Top non-repeatable levels by time:
     D:1: 1116 daAuts
     D:2: 1115 daAuts
     D:5: 997 daAuts
     D:4: 987 daAuts
     D:3: 963 daAuts
     D:6: 455 daAuts
